Workbook

Sheet MEDIÇÃO 1
A1: PREFEITURA MUNICIPAL DE SO ROQUE DO CANA Estado do Esprito Santo SECRETARIA MUNICIPAL DE OBRAS E SERVIÇOS URBANOS – SETOR DE ENGENHARIA
A13: BOLETIM DE | E13: =I18 -> MEDIÇÃO 01 | K13: DATA: 24/02/2025
A14: Obra: REFORMA E AMPLIAÇÃO DA ‘’EMEI SÃO ROQUE’’, NESTE MUNICÍPIO. | D14: CONTRATO Nº: | F14: 164/2024 | H14: Assinatura: 18/12/2024 | K14: INÍCIO: | M14: 45659
K15: TÉRMINO: | M15: 45749
A16: LOCAL: RUA LOURENÇO ROLDI, N° 436, BAIRRO SÃO ROQUINHO, SÃO ROQUE DO CANAÃ | D16: PERÍODO: | F16: 45659 | H16: a | I16: 45695 | K16: PRAZO: | M16: 90 DIAS
A17: EMPREITEIRA: MENDONÇA CONSTRUÇÕES LTDA | F17: =I18 -> MEDIÇÃO 01 | I17: =L289 -> 151346.04 | K17: % MÊS: | L17: =H289 -> 0.31269843 | M17: % ACUM: | N17: =H290 -> 0.31269843
A18: ITEM | B18: ESPECIFICAÇÃO | C18: UNID. | D18: QUANT. | E18: PREÇO UNIT R$ | F18: ACUMULADO ANTERIOR | I18: MEDIÇÃO 01 | L18: TOTAL MEDIDO
F19: QUANT. | G19: TOTAL | H19: % | I19: QUANT. | J19: TOTAL | K19: % | L19: QUANT. | M19: TOTAL | N19: %
A20: 1 | B20: INSTALAÇÃO DO CANTEIRO DE OBRAS | J20: =SUM(J21:J23) -> 2339.1127 | M20: =SUM(M21:M23) -> 2339.1127
A21: 1.1 | B21: Placa de obra nas dimensões de 2.0 x 4.0 m, padrão DER | C21: m2 | D21: 8 | E21: 254.81764 | F21: 0 | G21: =F21*E21 -> 0 | H21: =IFERROR(F21/D21,0) -> 0 | I21: =IFERROR(VLOOKUP(A21,'MEMO CALCULO 01'!$B$2:$E$248,4,0),0) -> 8 | J21: =I21*E21 -> 2038.5411 | K21: =IFERROR(I21/D21,0) -> 1 | L21: =F21+I21 -> 8 | M21: =G21+J21 -> 2038.5411 | N21: =H21+K21 -> 1
A22: 1.2 | B22: Tapume Telha Metálica Ondulada em aço galvalume 0,50mm Branca h=2,20m, incl. montagem estr. mad. 8"x8", c/adesivo "DER-ES" 60x60cm a cada 10m, incl. faixas pint. esmalte sint. cores azul c/ h=30cm e rosa c/ h=10cm (Reaproveitamento 2x) | C22: m | D22: 0 | E22: 158.56243 | F22: 0 | G22: =F22*E22 -> 0 | H22: =IFERROR(F22/D22,0) -> 0 | I22: =IFERROR(VLOOKUP(A22,'MEMO CALCULO 01'!$B$2:$E$248,4,0),0) -> 0 | J22: =I22*E22 -> 0 | K22: =IFERROR(I22/D22,0) -> 0 | L22: =F22+I22 -> 0 | M22: =G22+J22 -> 0 | N22: =H22+K22 -> 0
A23: 1.3 | B23: Locação de andaime metálico para trabalho em fachada de edifíco (aluguel de 1 m² por 1 mês) inclusive frete, montagem e desmontagem | C23: m2 | D23: 12.25 | E23: 24.536456 | F23: 0 | G23: =F23*E23 -> 0 | H23: =IFERROR(F23/D23,0) -> 0 | I23: =IFERROR(VLOOKUP(A23,'MEMO CALCULO 01'!$B$2:$E$248,4,0),0) -> 12.25 | J23: =I23*E23 -> 300.57159 | K23: =IFERROR(I23/D23,0) -> 1 | L23: =F23+I23 -> 12.25 | M23: =G23+J23 -> 300.57159 | N23: =H23+K23 -> 1
A24: 2 | B24: SERVIÇOS PRELIMINARES | J24: =SUM(J25:J50) -> 0 | M24: =SUM(M25:M50) -> 0
A25: 2.1 | B25: Demolição de revestimento com azulejos | C25: m2 | D25: 8.11 | E25: 52.241252 | F25: 0 | G25: =F25*E25 -> 0 | H25: =IFERROR(F25/D25,0) -> 0 | I25: =IFERROR(VLOOKUP(A25,'MEMO CALCULO 01'!$B$2:$E$248,4,0),0) -> 0 | J25: =I25*E25 -> 0 | K25: =IFERROR(I25/D25,0) -> 0 | L25: =F25+I25 -> 0 | M25: =G25+J25 -> 0 | N25: =H25+K25 -> 0
A26: 2.2 | B26: Lixamento de parede com pintura antiga PVA para recebimento de nova camada de tinta | C26: m2 | D26: 0 | E26: 3.926664 | F26: 0 | G26: =F26*E26 -> 0 | H26: =IFERROR(F26/D26,0) -> 0 | I26: =IFERROR(VLOOKUP(A26,'MEMO CALCULO 01'!$B$2:$E$248,4,0),0) -> 0 | J26: =I26*E26 -> 0 | K26: =IFERROR(I26/D26,0) -> 0 | L26: =F26+I26 -> 0 | M26: =G26+J26 -> 0 | N26: =H26+K26 -> 0
A27: 2.3 | B27: Demolição de piso revestido com cerâmica | C27: m2 | D27: 0 | E27: 14.626304 | F27: 0 | G27: =F27*E27 -> 0 | H27: =IFERROR(F27/D27,0) -> 0 | I27: =IFERROR(VLOOKUP(A27,'MEMO CALCULO 01'!$B$2:$E$248,4,0),0) -> 0 | J27: =I27*E27 -> 0 | K27: =IFERROR(I27/D27,0) -> 0 | L27: =F27+I27 -> 0 | M27: =G27+J27 -> 0 | N27: =H27+K27 -> 0
A28: 2.4 | B28: Retirada de grades, gradis, alambrados, cercas e portões | C28: m2 | D28: 0 | E28: 18.417924 | F28: 0 | G28: =F28*E28 -> 0 | H28: =IFERROR(F28/D28,0) -> 0 | I28: =IFERROR(VLOOKUP(A28,'MEMO CALCULO 01'!$B$2:$E$248,4,0),0) -> 0 | J28: =I28*E28 -> 0 | K28: =IFERROR(I28/D28,0) -> 0 | L28: =F28+I28 -> 0 | M28: =G28+J28 -> 0 | N28: =H28+K28 -> 0
A29: 2.5 | B29: Retirada de revestimento antigo em reboco | C29: m2 | D29: 50.99 | E29: 10.450328 | F29: 0 | G29: =F29*E29 -> 0 | H29: =IFERROR(F29/D29,0) -> 0 | I29: =IFERROR(VLOOKUP(A29,'MEMO CALCULO 01'!$B$2:$E$248,4,0),0) -> 0 | J29: =I29*E29 -> 0 | K29: =IFERROR(I29/D29,0) -> 0 | L29: =F29+I29 -> 0 | M29: =G29+J29 -> 0 | N29: =H29+K29 -> 0
A30: 2.6 | B30: Retirada de portas e janelas de madeira, inclusive batentes | C30: m2 | D30: 0 | E30: 16.714292 | F30: 0 | G30: =F30*E30 -> 0 | H30: =IFERROR(F30/D30,0) -> 0 | I30: =IFERROR(VLOOKUP(A30,'MEMO CALCULO 01'!$B$2:$E$248,4,0),0) -> 0 | J30: =I30*E30 -> 0 | K30: =IFERROR(I30/D30,0) -> 0 | L30: =F30+I30 -> 0 | M30: =G30+J30 -> 0 | N30: =H30+K30 -> 0
A31: 2.7 | B31: Retirada de esquadrias metálicas | C31: m2 | D31: 0 | E31: 10.450328 | F31: 0 | G31: =F31*E31 -> 0 | H31: =IFERROR(F31/D31,0) -> 0 | I31: =IFERROR(VLOOKUP(A31,'MEMO CALCULO 01'!$B$2:$E$248,4,0),0) -> 0 | J31: =I31*E31 -> 0 | K31: =IFERROR(I31/D31,0) -> 0 | L31: =F31+I31 -> 0 | M31: =G31+J31 -> 0 | N31: =H31+K31 -> 0
A32: 2.8 | B32: Retirada de aparelhos sanitários | C32: und | D32: 0 | E32: 21.60704 | F32: 0 | G32: =F32*E32 -> 0 | H32: =IFERROR(F32/D32,0) -> 0 | I32: =IFERROR(VLOOKUP(A32,'MEMO CALCULO 01'!$B$2:$E$248,4,0),0) -> 0 | J32: =I32*E32 -> 0 | K32: =IFERROR(I32/D32,0) -> 0 | L32: =F32+I32 -> 0 | M32: =G32+J32 -> 0 | N32: =H32+K32 -> 0
A33: 2.9 | B33: Retirada de torneiras e registros | C33: und | D33: 0 | E33: 11.187876 | F33: 0 | G33: =F33*E33 -> 0 | H33: =IFERROR(F33/D33,0) -> 0 | I33: =IFERROR(VLOOKUP(A33,'MEMO CALCULO 01'!$B$2:$E$248,4,0),0) -> 0 | J33: =I33*E33 -> 0 | K33: =IFERROR(I33/D33,0) -> 0 | L33: =F33+I33 -> 0 | M33: =G33+J33 -> 0 | N33: =H33+K33 -> 0
A34: 2.10 | B34: Retirada de rodapé de madeira ou cerâmica | C34: m | D34: 0 | E34: 2.430792 | F34: 0 | G34: =F34*E34 -> 0 | H34: =IFERROR(F34/D34,0) -> 0 | I34: =IFERROR(VLOOKUP(A34,'MEMO CALCULO 01'!$B$2:$E$248,4,0),0) -> 0 | J34: =I34*E34 -> 0 | K34: =IFERROR(I34/D34,0) -> 0 | L34: =F34+I34 -> 0 | M34: =G34+J34 -> 0 | N34: =H34+K34 -> 0
A35: 2.11 | B35: Demolição de alvenaria | C35: m3 | D35: 0.3 | E35: 62.69158 | F35: 0 | G35: =F35*E35 -> 0 | H35: =IFERROR(F35/D35,0) -> 0 | I35: =IFERROR(VLOOKUP(A35,'MEMO CALCULO 01'!$B$2:$E$248,4,0),0) -> 0 | J35: =I35*E35 -> 0 | K35: =IFERROR(I35/D35,0) -> 0 | L35: =F35+I35 -> 0 | M35: =G35+J35 -> 0 | N35: =H35+K35 -> 0
A36: 2.12 | B36: Retirada de bancada de pia | C36: m2 | D36: 0 | E36: 25.928448 | F36: 0 | G36: =F36*E36 -> 0 | H36: =IFERROR(F36/D36,0) -> 0 | I36: =IFERROR(VLOOKUP(A36,'MEMO CALCULO 01'!$B$2:$E$248,4,0),0) -> 0 | J36: =I36*E36 -> 0 | K36: =IFERROR(I36/D36,0) -> 0 | L36: =F36+I36 -> 0 | M36: =G36+J36 -> 0 | N36: =H36+K36 -> 0
... A50: 2.26 | B50: Lixamento manual em superfícies metálicas em obra | C50: m2 | D50: 115.68 | E50: 8.8640516 | F50: 0 | G50: =F50*E50 -> 0 | H50: =IFERROR(F50/D50,0) -> 0 | I50: =IFERROR(VLOOKUP(A50,'MEMO CALCULO 01'!$B$2:$E$248,4,0),0) -> 0 | J50: =I50*E50 -> 0 | K50: =IFERROR(I50/D50,0) -> 0 | L50: =F50+I50 -> 0 | M50: =G50+J50 -> 0 | N50: =H50+K50 -> 0
A51: 3 | B51: INFRAESTRUTURA | J51: =SUM(J52:J60) -> 0 | M51: =SUM(M52:M60) -> 0
A52: 3.1.1 | B52: Escavação manual em material de 1a. categoria, até 1.50 m de profundidade | C52: m3 | D52: 3.72 | E52: 59.855656 | F52: 0 | G52: =F52*E52 -> 0 | H52: =IFERROR(F52/D52,0) -> 0 | I52: =IFERROR(VLOOKUP(A52,'MEMO CALCULO 01'!$B$2:$E$248,4,0),0) -> 0 | J52: =I52*E52 -> 0 | K52: =IFERROR(I52/D52,0) -> 0 | L52: =F52+I52 -> 0 | M52: =G52+J52 -> 0 | N52: =H52+K52 -> 0
A53: 3.1.2 | B53: Pintura impermeabilizante com igolflex ou equivalente a 3 demãos | C53: m2 | D53: 12.51 | E53: 45.582544 | F53: 0 | G53: =F53*E53 -> 0 | H53: =IFERROR(F53/D53,0) -> 0 | I53: =IFERROR(VLOOKUP(A53,'MEMO CALCULO 01'!$B$2:$E$248,4,0),0) -> 0 | J53: =I53*E53 -> 0 | K53: =IFERROR(I53/D53,0) -> 0 | L53: =F53+I53 -> 0 | M53: =G53+J53 -> 0 | N53: =H53+K53 -> 0
A54: 3.1.3 | B54: Fornecimento, preparo e aplicação de concreto magro com consumo mínimo de cimento de 250 kg/m3 (brita 1 e 2) - (5% de perdas já incluído no custo) | C54: m3 | D54: 0.22 | E54: 692.03817 | F54: 0 | G54: =F54*E54 -> 0 | H54: =IFERROR(F54/D54,0) -> 0 | I54: =IFERROR(VLOOKUP(A54,'MEMO CALCULO 01'!$B$2:$E$248,4,0),0) -> 0 | J54: =I54*E54 -> 0 | K54: =IFERROR(I54/D54,0) -> 0 | L54: =F54+I54 -> 0 | M54: =G54+J54 -> 0 | N54: =H54+K54 -> 0
A55: 3.1.4 | B55: Fôrma de tábua de madeira de 2.5 x 30.0 cm para fundações, levando-se em conta a utilização 5 vezes (incluido o material, corte, montagem, escoramento e desforma) | C55: m2 | D55: 12.51 | E55: 86.313892 | F55: 0 | G55: =F55*E55 -> 0 | H55: =IFERROR(F55/D55,0) -> 0 | I55: =IFERROR(VLOOKUP(A55,'MEMO CALCULO 01'!$B$2:$E$248,4,0),0) -> 0 | J55: =I55*E55 -> 0 | K55: =IFERROR(I55/D55,0) -> 0 | L55: =F55+I55 -> 0 | M55: =G55+J55 -> 0 | N55: =H55+K55 -> 0
A56: 3.1.5 | B56: Fornecimento, preparo e aplicação de concreto Fck=25 MPa (brita 1 e 2) - (5% de perdas já incluído no custo) | C56: m3 | D56: 1.54 | E56: 758.4071 | F56: 0 | G56: =F56*E56 -> 0 | H56: =IFERROR(F56/D56,0) -> 0 | I56: =IFERROR(VLOOKUP(A56,'MEMO CALCULO 01'!$B$2:$E$248,4,0),0) -> 0 | J56: =I56*E56 -> 0 | K56: =IFERROR(I56/D56,0) -> 0 | L56: =F56+I56 -> 0 | M56: =G56+J56 -> 0 | N56: =H56+K56 -> 0
A57: 3.1.6 | B57: Fornecimento, dobragem e colocação em fôrma, de armadura CA-50 A média, diâmetro de 6.3 a 10.0 mm | C57: kg | D57: 103.62 | E57: 11.79038 | F57: 0 | G57: =F57*E57 -> 0 | H57: =IFERROR(F57/D57,0) -> 0 | I57: =IFERROR(VLOOKUP(A57,'MEMO CALCULO 01'!$B$2:$E$248,4,0),0) -> 0 | J57: =I57*E57 -> 0 | K57: =IFERROR(I57/D57,0) -> 0 | L57: =F57+I57 -> 0 | M57: =G57+J57 -> 0 | N57: =H57+K57 -> 0
A58: 3.1.7 | B58: Fornecimento, dobragem e colocação em fôrma, de armadura CA-60 B fina, diâmetro de 4.0 a 7.0mm | C58: kg | D58: 22.33 | E58: 12.548704 | F58: 0 | G58: =F58*E58 -> 0 | H58: =IFERROR(F58/D58,0) -> 0 | I58: =IFERROR(VLOOKUP(A58,'MEMO CALCULO 01'!$B$2:$E$248,4,0),0) -> 0 | J58: =I58*E58 -> 0 | K58: =IFERROR(I58/D58,0) -> 0 | L58: =F58+I58 -> 0 | M58: =G58+J58 -> 0 | N58: =H58+K58 -> 0
A59: 3.1.8 | B59: Aterro com areia em áreas de calçada, inclusive fornecimento e adensamento | C59: m3 | D59: 0 | E59: 189.09276 | F59: 0 | G59: =F59*E59 -> 0 | H59: =IFERROR(F59/D59,0) -> 0 | I59: =IFERROR(VLOOKUP(A59,'MEMO CALCULO 01'!$B$2:$E$248,4,0),0) -> 0 | J59: =I59*E59 -> 0 | K59: =IFERROR(I59/D59,0) -> 0 | L59: =F59+I59 -> 0 | M59: =G59+J59 -> 0 | N59: =H59+K59 -> 0
A60: 3.1.9 | B60: Reaterro apiloado de cavas de fundação, em camadas de 20 cm | C60: m3 | D60: 0 | E60: 64.467928 | F60: 0 | G60: =F60*E60 -> 0 | H60: =IFERROR(F60/D60,0) -> 0 | I60: =IFERROR(VLOOKUP(A60,'MEMO CALCULO 01'!$B$2:$E$248,4,0),0) -> 0 | J60: =I60*E60 -> 0 | K60: =IFERROR(I60/D60,0) -> 0 | L60: =F60+I60 -> 0 | M60: =G60+J60 -> 0 | N60: =H60+K60 -> 0
A61: 4 | B61: SUPERESTRUTURA | J61: =SUM(J62:J70) -> 0 | M61: =SUM(M62:M70) -> 0
A62: 4.1 | B62: Fôrma em chapa de madeira compensada plastificada 12mm para estrutura em geral, 5 reaproveitamentos, reforçada com sarrafos de madeira 2.5x10cm (incl material, corte, montagem, escoras em eucalipto e desforma) | C62: m2 | D62: 18.8 | E62: 106.27963 | F62: 0 | G62: =F62*E62 -> 0 | H62: =IFERROR(F62/D62,0) -> 0 | I62: =IFERROR(VLOOKUP(A62,'MEMO CALCULO 01'!$B$2:$E$248,4,0),0) -> 0 | J62: =I62*E62 -> 0 | K62: =IFERROR(I62/D62,0) -> 0 | L62: =F62+I62 -> 0 | M62: =G62+J62 -> 0 | N62: =H62+K62 -> 0
A63: 4.2 | B63: Fornecimento, dobragem e colocação em fôrma, de armadura CA-50 A média, diâmetro de 6.3 a 10.0 mm | C63: kg | D63: 75.52 | E63: 11.79038 | F63: 0 | G63: =F63*E63 -> 0 | H63: =IFERROR(F63/D63,0) -> 0 | I63: =IFERROR(VLOOKUP(A63,'MEMO CALCULO 01'!$B$2:$E$248,4,0),0) -> 0 | J63: =I63*E63 -> 0 | K63: =IFERROR(I63/D63,0) -> 0 | L63: =F63+I63 -> 0 | M63: =G63+J63 -> 0 | N63: =H63+K63 -> 0
A64: 4.3 | B64: Fornecimento, dobragem e colocação em fôrma, de armadura CA-60 B fina, diâmetro de 4.0 a 7.0mm | C64: kg | D64: 46.77 | E64: 12.548704 | F64: 0 | G64: =F64*E64 -> 0 | H64: =IFERROR(F64/D64,0) -> 0 | I64: =IFERROR(VLOOKUP(A64,'MEMO CALCULO 01'!$B$2:$E$248,4,0),0) -> 0 | J64: =I64*E64 -> 0 | K64: =IFERROR(I64/D64,0) -> 0 | L64: =F64+I64 -> 0 | M64: =G64+J64 -> 0 | N64: =H64+K64 -> 0
A65: 4.4 | B65: Fornecimento, preparo e aplicação de concreto Fck=25 MPa (brita 1 e 2) - (5% de perdas já incluído no custo) | C65: m3 | D65: 1.03 | E65: 875.189 | F65: 0 | G65: =F65*E65 -> 0 | H65: =IFERROR(F65/D65,0) -> 0 | I65: =IFERROR(VLOOKUP(A65,'MEMO CALCULO 01'!$B$2:$E$248,4,0),0) -> 0 | J65: =I65*E65 -> 0 | K65: =IFERROR(I65/D65,0) -> 0 | L65: =F65+I65 -> 0 | M65: =G65+J65 -> 0 | N65: =H65+K65 -> 0
A66: 4.5 | B66: Laje pré-fabricada treliçada, sobrecarga 300 Kg/m2, vão de 3.5m a 4.3m, capeamento 4cm, esp. 12cm, Fck = 150 Kg/cm2 | C66: m2 | D66: 0 | E66: 142.61685 | F66: 0 | G66: =F66*E66 -> 0 | H66: =IFERROR(F66/D66,0) -> 0 | I66: =IFERROR(VLOOKUP(A66,'MEMO CALCULO 01'!$B$2:$E$248,4,0),0) -> 0 | J66: =I66*E66 -> 0 | K66: =IFERROR(I66/D66,0) -> 0 | L66: =F66+I66 -> 0 | M66: =G66+J66 -> 0 | N66: =H66+K66 -> 0
A67: 4.6 | B67: Aterro manual para regularização do terreno em areia, inclusive adensamento hidráulico e fornecimento do material (máximo de 100m3) | C67: m3 | D67: 0 | E67: 212.80857 | F67: 0 | G67: =F67*E67 -> 0 | H67: =IFERROR(F67/D67,0) -> 0 | I67: =IFERROR(VLOOKUP(A67,'MEMO CALCULO 01'!$B$2:$E$248,4,0),0) -> 0 | J67: =I67*E67 -> 0 | K67: =IFERROR(I67/D67,0) -> 0 | L67: =F67+I67 -> 0 | M67: =G67+J67 -> 0 | N67: =H67+K67 -> 0
A68: 4.7 | B68: Lastro impermeabilizado de concreto não estrutural, espessura de 6 cm | C68: m2 | D68: 0 | E68: 66.036516 | F68: 0 | G68: =F68*E68 -> 0 | H68: =IFERROR(F68/D68,0) -> 0 | I68: =IFERROR(VLOOKUP(A68,'MEMO CALCULO 01'!$B$2:$E$248,4,0),0) -> 0 | J68: =I68*E68 -> 0 | K68: =IFERROR(I68/D68,0) -> 0 | L68: =F68+I68 -> 0 | M68: =G68+J68 -> 0 | N68: =H68+K68 -> 0
A69: 4.8 | B69: Fornecimento e assentamento de ladrilho hidráulico pastilhado, vermelho, dim. 20x20 cm, esp. 1.5cm, assentado com pasta de cimento colante, exclusive regularização e lastro | C69: m2 | D69: 0.08 | E69: 87.279976 | F69: 0 | G69: =F69*E69 -> 0 | H69: =IFERROR(F69/D69,0) -> 0 | I69: =IFERROR(VLOOKUP(A69,'MEMO CALCULO 01'!$B$2:$E$248,4,0),0) -> 0 | J69: =I69*E69 -> 0 | K69: =IFERROR(I69/D69,0) -> 0 | L69: =F69+I69 -> 0 | M69: =G69+J69 -> 0 | N69: =H69+K69 -> 0
A70: 4.9 | B70: Execução de passeio em piso intertravado, com bloco 16 faces de 22 x 11 cm, espessura 6 cm | C70: m2 | D70: 0 | E70: 85.832212 | F70: 0 | G70: =F70*E70 -> 0 | H70: =IFERROR(F70/D70,0) -> 0 | I70: =IFERROR(VLOOKUP(A70,'MEMO CALCULO 01'!$B$2:$E$248,4,0),0) -> 0 | J70: =I70*E70 -> 0 | K70: =IFERROR(I70/D70,0) -> 0 | L70: =F70+I70 -> 0 | M70: =G70+J70 -> 0 | N70: =H70+K70 -> 0
A71: 5. | B71: PAREDES E PAINÉIS | J71: =SUM(J72:J79) -> 3635.8538 | M71: =SUM(M72:M79) -> 3635.8538
A72: 5.1 | B72: Alvenaria de blocos cerâmicos 10 furos 10x20x20cm, assentados c/argamassa de cimento, cal hidratada CH1 e areia traço 1:0,5:8, esp. das juntas 12mm e esp. das paredes s/revestimento, 10cm (bloco comprado na fábrica, posto obra) | C72: m2 | D72: 8.2 | E72: 70.8981 | F72: 0 | G72: =F72*E72 -> 0 | H72: =IFERROR(F72/D72,0) -> 0 | I72: =IFERROR(VLOOKUP(A72,'MEMO CALCULO 01'!$B$2:$E$248,4,0),0) -> 0 | J72: =I72*E72 -> 0 | K72: =IFERROR(I72/D72,0) -> 0 | L72: =F72+I72 -> 0 | M72: =G72+J72 -> 0 | N72: =H72+K72 -> 0
A73: 5.2 | B73: Alvenaria de blocos de concreto estrut. (14x19x39cm) cheios, c/ resist. mín. compr. 15MPa, assentados c/ arg. de cimento e areia no traço 1:4, esp. juntas 10mm e esp. da parede s/ revest. 14cm | C73: m2 | D73: 0 | E73: 141.03788 | F73: 0 | G73: =F73*E73 -> 0 | H73: =IFERROR(F73/D73,0) -> 0 | I73: =IFERROR(VLOOKUP(A73,'MEMO CALCULO 01'!$B$2:$E$248,4,0),0) -> 0 | J73: =I73*E73 -> 0 | K73: =IFERROR(I73/D73,0) -> 0 | L73: =F73+I73 -> 0 | M73: =G73+J73 -> 0 | N73: =H73+K73 -> 0
A74: 5.3 | B74: Alvenaria de blocos de concreto estrut. (9x19x39cm) cheios, com resistência mín. compr. 15MPa, assentados c/ arg. de cimento e areia no traço 1:4, esp. juntas 10mm e esp. da parede s/ revest. 9cm | C74: m2 | D74: 0 | E74: 99.226176 | F74: 0 | G74: =F74*E74 -> 0 | H74: =IFERROR(F74/D74,0) -> 0 | I74: =IFERROR(VLOOKUP(A74,'MEMO CALCULO 01'!$B$2:$E$248,4,0),0) -> 0 | J74: =I74*E74 -> 0 | K74: =IFERROR(I74/D74,0) -> 0 | L74: =F74+I74 -> 0 | M74: =G74+J74 -> 0 | N74: =H74+K74 -> 0
A75: 5.4 | B75: Chapisco de argamassa de cimento e areia média ou grossa lavada, no traço 1:3, espessura 5 mm | C75: m2 | D75: 112.07 | E75: 7.500136 | F75: 0 | G75: =F75*E75 -> 0 | H75: =IFERROR(F75/D75,0) -> 0 | I75: =IFERROR(VLOOKUP(A75,'MEMO CALCULO 01'!$B$2:$E$248,4,0),0) -> 0 | J75: =I75*E75 -> 0 | K75: =IFERROR(I75/D75,0) -> 0 | L75: =F75+I75 -> 0 | M75: =G75+J75 -> 0 | N75: =H75+K75 -> 0
A76: 5.5 | B76: Emboço de argamassa de cimento, cal hidratada CH1 e areia média ou grossa lavada no traço 1:0.5:6, espessura 20 mm | C76: m2 | D76: 0 | E76: 36.51382 | F76: 0 | G76: =F76*E76 -> 0 | H76: =IFERROR(F76/D76,0) -> 0 | I76: =IFERROR(VLOOKUP(A76,'MEMO CALCULO 01'!$B$2:$E$248,4,0),0) -> 0 | J76: =I76*E76 -> 0 | K76: =IFERROR(I76/D76,0) -> 0 | L76: =F76+I76 -> 0 | M76: =G76+J76 -> 0 | N76: =H76+K76 -> 0
A77: 5.6 | B77: Reboco tipo paulista de argamassa de cimento, cal hidratada CH1 e areia lavada traço 1:0.5:6, espessura 25 mm | C77: m2 | D77: 168.73 | E77: 70.285208 | F77: 0 | G77: =F77*E77 -> 0 | H77: =IFERROR(F77/D77,0) -> 0 | I77: =IFERROR(VLOOKUP(A77,'MEMO CALCULO 01'!$B$2:$E$248,4,0),0) -> 51.73 | J77: =I77*E77 -> 3635.8538 | K77: =IFERROR(I77/D77,0) -> 0.30658448 | L77: =F77+I77 -> 51.73 | M77: =G77+J77 -> 3635.8538 | N77: =H77+K77 -> 0.30658448
A78: 5.7 | B78: Divisória de granito com 3 cm de espessura, assentada com argamassa de cimento e areia no traço 1:3, na cor cinza | C78: m2 | D78: 25.74 | E78: 556.6202 | F78: 0 | G78: =F78*E78 -> 0 | H78: =IFERROR(F78/D78,0) -> 0 | I78: =IFERROR(VLOOKUP(A78,'MEMO CALCULO 01'!$B$2:$E$248,4,0),0) -> 0 | J78: =I78*E78 -> 0 | K78: =IFERROR(I78/D78,0) -> 0 | L78: =F78+I78 -> 0 | M78: =G78+J78 -> 0 | N78: =H78+K78 -> 0
A79: 5.8 | B79: Verga/contraverga reta de concreto armado 10 x 5 cm, Fck = 15 MPa, inclusive forma, armação e desforma | C79: m | D79: 6 | E79: 10.1283 | F79: 0 | G79: =F79*E79 -> 0 | H79: =IFERROR(F79/D79,0) -> 0 | I79: =IFERROR(VLOOKUP(A79,'MEMO CALCULO 01'!$B$2:$E$248,4,0),0) -> 0 | J79: =I79*E79 -> 0 | K79: =IFERROR(I79/D79,0) -> 0 | L79: =F79+I79 -> 0 | M79: =G79+J79 -> 0 | N79: =H79+K79 -> 0
A80: 6. | B80: REVESTIMENTOS DE PAREDES | J80: =SUM(J81:J84) -> 22241.786 | M80: =SUM(M81:M84) -> 22241.786
A81: 6.1 | B81: Roda parede em granito cinza andorinha 7x2cm, com acabamento abaulado nos dois lados | C81: m | D81: 326.22 | E81: 57.123612 | F81: 0 | G81: =F81*E81 -> 0 | H81: =IFERROR(F81/D81,0) -> 0 | I81: =IFERROR(VLOOKUP(A81,'MEMO CALCULO 01'!$B$2:$E$248,4,0),0) -> 285.42 | J81: =I81*E81 -> 16304.221 | K81: =IFERROR(I81/D81,0) -> 0.87493103 | L81: =F81+I81 -> 285.42 | M81: =G81+J81 -> 16304.221 | N81: =H81+K81 -> 0.87493103
A82: 6.2 | B82: Cerâmica 10 x 10 cm, marcas de referência Eliane, Cecrisa ou Portobello, nas cores branco ou areia, com rejunte esp. 0.5 cm, empregando argamassa colante | C82: m2 | D82: 81.59 | E82: 97.979616 | F82: 0 | G82: =F82*E82 -> 0 | H82: =IFERROR(F82/D82,0) -> 0 | I82: =IFERROR(VLOOKUP(A82,'MEMO CALCULO 01'!$B$2:$E$248,4,0),0) -> 60.6 | J82: =I82*E82 -> 5937.5647 | K82: =IFERROR(I82/D82,0) -> 0.74273808 | L82: =F82+I82 -> 60.6 | M82: =G82+J82 -> 5937.5647 | N82: =H82+K82 -> 0.74273808
A83: 6.3 | B83: Azulejo branco 15 x 15 cm, juntas a prumo, assentado com argamassa de cimento colante, inclusive rejuntamento com cimento branco, marcas de referência Eliane, Cecrisa ou Portobello | C83: m2 | D83: 0.69 | E83: 99.558592 | F83: 0 | G83: =F83*E83 -> 0 | H83: =IFERROR(F83/D83,0) -> 0 | I83: =IFERROR(VLOOKUP(A83,'MEMO CALCULO 01'!$B$2:$E$248,4,0),0) -> 0 | J83: =I83*E83 -> 0 | K83: =IFERROR(I83/D83,0) -> 0 | L83: =F83+I83 -> 0 | M83: =G83+J83 -> 0 | N83: =H83+K83 -> 0
A84: 6.4 | B84: Acabamento de alumínio com perfil de canto para arremate das paredes | C84: m | D84: 21.41 | E84: 20.381256 | F84: 0 | G84: =F84*E84 -> 0 | H84: =IFERROR(F84/D84,0) -> 0 | I84: =IFERROR(VLOOKUP(A84,'MEMO CALCULO 01'!$B$2:$E$248,4,0),0) -> 0 | J84: =I84*E84 -> 0 | K84: =IFERROR(I84/D84,0) -> 0 | L84: =F84+I84 -> 0 | M84: =G84+J84 -> 0 | N84: =H84+K84 -> 0
A85: 7. | B85: PISOS INTERNOS E EXTERNOS | J85: =SUM(J86:J89) -> 0 | M85: =SUM(M86:M89) -> 0
A86: 7.1 | B86: Piso argamassa alta resistência tipo granilite ou equiv de qualidade comprovada, esp de 10mm, com juntas plástica em quadros de 1m, na cor natural, com acabamento polido mecanizado, inclusive regularização e=3.0cm | C86: m2 | D86: 0 | E86: 152.74515 | F86: 0 | G86: =F86*E86 -> 0 | H86: =IFERROR(F86/D86,0) -> 0 | I86: =IFERROR(VLOOKUP(A86,'MEMO CALCULO 01'!$B$2:$E$248,4,0),0) -> 0 | J86: =I86*E86 -> 0 | K86: =IFERROR(I86/D86,0) -> 0 | L86: =F86+I86 -> 0 | M86: =G86+J86 -> 0 | N86: =H86+K86 -> 0
A87: 7.2 | B87: Piso argamassa alta resistência tipo granilite ou equiv de qualidade comprovada, esp de 10mm, com juntas plástica em quadros de 1m, na cor natural, com acabamento anti-derrapante mecanizado, inclusive regularização e=3.0cm | C87: m2 | D87: 6.90758 | E87: 138.63825 | F87: 0 | G87: =F87*E87 -> 0 | H87: =IFERROR(F87/D87,0) -> 0 | I87: =IFERROR(VLOOKUP(A87,'MEMO CALCULO 01'!$B$2:$E$248,4,0),0) -> 0 | J87: =I87*E87 -> 0 | K87: =IFERROR(I87/D87,0) -> 0 | L87: =F87+I87 -> 0 | M87: =G87+J87 -> 0 | N87: =H87+K87 -> 0
A88: 7.3 | B88: Preparo, regularização e compactação do terreno (compactador manual) para execução de piso de quadra | C88: m2 | D88: 0 | E88: 18.12706 | F88: 0 | G88: =F88*E88 -> 0 | H88: =IFERROR(F88/D88,0) -> 0 | I88: =IFERROR(VLOOKUP(A88,'MEMO CALCULO 01'!$B$2:$E$248,4,0),0) -> 0 | J88: =I88*E88 -> 0 | K88: =IFERROR(I88/D88,0) -> 0 | L88: =F88+I88 -> 0 | M88: =G88+J88 -> 0 | N88: =H88+K88 -> 0
A89: 7.4 | B89: Piso quadra poliesp. fck=25MPa, esp.=10 cm, armado c/ tela Q138, concret camada única bombeável c/ brita n. 1, acab. sup. c/ rotoalisador, juntas c/ corte serra diamant. preench. c/ mastique, base 5cm solo brita 30% e resina endur | C89: m2 | D89: 0 | E89: 143.21936 | F89: 0 | G89: =F89*E89 -> 0 | H89: =IFERROR(F89/D89,0) -> 0 | I89: =IFERROR(VLOOKUP(A89,'MEMO CALCULO 01'!$B$2:$E$248,4,0),0) -> 0 | J89: =I89*E89 -> 0 | K89: =IFERROR(I89/D89,0) -> 0 | L89: =F89+I89 -> 0 | M89: =G89+J89 -> 0 | N89: =H89+K89 -> 0
A90: 8. | B90: ESQUADRIAS DE MADEIRA | J90: =SUM(J91:J96) -> 56860.356 | M90: =SUM(M91:M96) -> 56860.356
A91: 8.1 | B91: Porta de madeira de lei angelim pedra ou equivalente, esp. 30 a 35 mm, maciça, tipo mexicana, c/ friso p/ verniz, padrão SEDU, com visor 1,00 x 0,15m e vidro 4mm, inclusive alizares, dobradiças e fechadura tipo alavanca em latão cromado LaFonte ou equiv., exclusive marco, dimensões: 0.70 x 2.10 m | C91: und | D91: 4 | E91: 1812.4879 | F91: 0 | G91: =F91*E91 -> 0 | H91: =IFERROR(F91/D91,0) -> 0 | I91: =IFERROR(VLOOKUP(A91,'MEMO CALCULO 01'!$B$2:$E$248,4,0),0) -> 4 | J91: =I91*E91 -> 7249.9514 | K91: =IFERROR(I91/D91,0) -> 1 | L91: =F91+I91 -> 4 | M91: =G91+J91 -> 7249.9514 | N91: =H91+K91 -> 1
A92: 8.2 | B92: Porta de madeira de lei angelim pedra ou equivalente, esp. 30 a 35 mm, maciça, tipo mexicana, c/ friso p/ verniz, padrão SEDU, com visor 1,00 x 0,15m e vidro 4mm, inclusive alizares, dobradiças e fechadura tipo alavanca em latão cromado LaFonte ou equiv., exclusive marco, dimensões: 0.80 x 2.10 m | C92: und | D92: 13 | E92: 1924.5951 | F92: 0 | G92: =F92*E92 -> 0 | H92: =IFERROR(F92/D92,0) -> 0 | I92: =IFERROR(VLOOKUP(A92,'MEMO CALCULO 01'!$B$2:$E$248,4,0),0) -> 13 | J92: =I92*E92 -> 25019.737 | K92: =IFERROR(I92/D92,0) -> 1 | L92: =F92+I92 -> 13 | M92: =G92+J92 -> 25019.737 | N92: =H92+K92 -> 1
A93: 8.3 | B93: Porta de madeira de lei angelim pedra ou equivalente, esp. 30 a 35 mm, maciça, tipo mexicana, c/ friso p/ verniz, padrão SEDU, com visor 1,00 x 0,15m e vidro 4mm, inclusive alizares, dobradiças e fechadura tipo alavanca em latão cromado LaFonte ou equiv., exclusive marco, dimensões: 0.90 x 2.10 m | C93: und | D93: 7 | E93: 2074.2551 | F93: 0 | G93: =F93*E93 -> 0 | H93: =IFERROR(F93/D93,0) -> 0 | I93: =IFERROR(VLOOKUP(A93,'MEMO CALCULO 01'!$B$2:$E$248,4,0),0) -> 7 | J93: =I93*E93 -> 14519.785 | K93: =IFERROR(I93/D93,0) -> 1 | L93: =F93+I93 -> 7 | M93: =G93+J93 -> 14519.785 | N93: =H93+K93 -> 1
A94: 8.4 | B94: Marco em madeira de lei tipo Peroba, Ipê, Angelim Pedra ou equivalente, com 15 x 3cm de batente, nas dimensões: 0,70 x 2,10 m | C94: und | D94: 4 | E94: 404.55027 | F94: 0 | G94: =F94*E94 -> 0 | H94: =IFERROR(F94/D94,0) -> 0 | I94: =IFERROR(VLOOKUP(A94,'MEMO CALCULO 01'!$B$2:$E$248,4,0),0) -> 4 | J94: =I94*E94 -> 1618.2011 | K94: =IFERROR(I94/D94,0) -> 1 | L94: =F94+I94 -> 4 | M94: =G94+J94 -> 1618.2011 | N94: =H94+K94 -> 1
A95: 8.5 | B95: Marco em madeira de lei tipo Peroba, Ipê, Angelim Pedra ou equivalente, com 15 x 3cm de batente, nas dimensões: 0,80 x 2,10 m | C95: und | D95: 13 | E95: 404.55027 | F95: 0 | G95: =F95*E95 -> 0 | H95: =IFERROR(F95/D95,0) -> 0 | I95: =IFERROR(VLOOKUP(A95,'MEMO CALCULO 01'!$B$2:$E$248,4,0),0) -> 13 | J95: =I95*E95 -> 5259.1535 | K95: =IFERROR(I95/D95,0) -> 1 | L95: =F95+I95 -> 13 | M95: =G95+J95 -> 5259.1535 | N95: =H95+K95 -> 1
A96: 8.6 | B96: Marco em madeira de lei tipo Peroba, Ipê, Angelim Pedra ou equivalente, com 15 x 3cm de batente | C96: m | D96: 36.3 | E96: 87.975972 | F96: 0 | G96: =F96*E96 -> 0 | H96: =IFERROR(F96/D96,0) -> 0 | I96: =IFERROR(VLOOKUP(A96,'MEMO CALCULO 01'!$B$2:$E$248,4,0),0) -> 36.3 | J96: =I96*E96 -> 3193.5278 | K96: =IFERROR(I96/D96,0) -> 1 | L96: =F96+I96 -> 36.3 | M96: =G96+J96 -> 3193.5278 | N96: =H96+K96 -> 1
A97: 9. | B97: ESQUADRIAS METÁLICAS | J97: =SUM(J98:J102) -> 1650.3831 | M97: =SUM(M98:M102) -> 1650.3831
A98: 9.1 | B98: Porta de abrir tipo veneziana em alumínio anodizado, linha 25, completa, incl. puxador com tranca, caixilho, alizar e contramarco | C98: m2 | D98: 10.84 | E98: 1015.0946 | F98: 0 | G98: =F98*E98 -> 0 | H98: =IFERROR(F98/D98,0) -> 0 | I98: =IFERROR(VLOOKUP(A98,'MEMO CALCULO 01'!$B$2:$E$248,4,0),0) -> 0 | J98: =I98*E98 -> 0 | K98: =IFERROR(I98/D98,0) -> 0 | L98: =F98+I98 -> 0 | M98: =G98+J98 -> 0 | N98: =H98+K98 -> 0
A99: 9.2 | B99: Janela de correr para vidro em alumínio anodizado cor natural, linha 25, completa, incl. puxador com tranca, alizar, caixilho e contramarco, exclusive vidro | C99: m2 | D99: 0 | E99: 576.7937 | F99: 0 | G99: =F99*E99 -> 0 | H99: =IFERROR(F99/D99,0) -> 0 | I99: =IFERROR(VLOOKUP(A99,'MEMO CALCULO 01'!$B$2:$E$248,4,0),0) -> 0 | J99: =I99*E99 -> 0 | K99: =IFERROR(I99/D99,0) -> 0 | L99: =F99+I99 -> 0 | M99: =G99+J99 -> 0 | N99: =H99+K99 -> 0
A100: 9.3 | B100: Báscula para vidro em alumínio anodizado cor natural, linha 25, completa, com tranca, caixilho, alizar e contramarco, exclusive vidro | C100: m2 | D100: 2 | E100: 825.19156 | F100: 0 | G100: =F100*E100 -> 0 | H100: =IFERROR(F100/D100,0) -> 0 | I100: =IFERROR(VLOOKUP(A100,'MEMO CALCULO 01'!$B$2:$E$248,4,0),0) -> 2 | J100: =I100*E100 -> 1650.3831 | K100: =IFERROR(I100/D100,0) -> 1 | L100: =F100+I100 -> 2 | M100: =G100+J100 -> 1650.3831 | N100: =H100+K100 -> 1
A101: 9.4 | B101: Grade de ferro em barra chata, inclusive chumbamento | C101: m2 | D101: 4.5 | E101: 382.14336 | F101: 0 | G101: =F101*E101 -> 0 | H101: =IFERROR(F101/D101,0) -> 0 | I101: =IFERROR(VLOOKUP(A101,'MEMO CALCULO 01'!$B$2:$E$248,4,0),0) -> 0 | J101: =I101*E101 -> 0 | K101: =IFERROR(I101/D101,0) -> 0 | L101: =F101+I101 -> 0 | M101: =G101+J101 -> 0 | N101: =H101+K101 -> 0
A102: 9.5 | B102: Recolocação de janela de ferro, tipo abrir. | C102: m2 | D102: 4.56 | E102: 57.433421 | F102: 0 | G102: =F102*E102 -> 0 | H102: =IFERROR(F102/D102,0) -> 0 | I102: =IFERROR(VLOOKUP(A102,'MEMO CALCULO 01'!$B$2:$E$248,4,0),0) -> 0 | J102: =I102*E102 -> 0 | K102: =IFERROR(I102/D102,0) -> 0 | L102: =F102+I102 -> 0 | M102: =G102+J102 -> 0 | N102: =H102+K102 -> 0
A103: 10. | B103: VIDROS E ESPELHOS | J103: =SUM(J104:J105) -> 3013.7302 | M103: =SUM(M104:M105) -> 3013.7302
A104: 10.1 | B104: Espelho para banheiros espessura 4 mm, incluindo chapa compensada 10 mm, moldura de alumínio em perfil L 3/4", fixado com parafusos cromados | C104: m2 | D104: 3.66 | E104: 713.17775 | F104: 0 | G104: =F104*E104 -> 0 | H104: =IFERROR(F104/D104,0) -> 0 | I104: =IFERROR(VLOOKUP(A104,'MEMO CALCULO 01'!$B$2:$E$248,4,0),0) -> 0 | J104: =I104*E104 -> 0 | K104: =IFERROR(I104/D104,0) -> 0 | L104: =F104+I104 -> 0 | M104: =G104+J104 -> 0 | N104: =H104+K104 -> 0
A105: 10.2 | B105: Vidro plano transparente liso, com 4 mm de espessura | C105: m2 | D105: 16.36 | E105: 195.95125 | F105: 0 | G105: =F105*E105 -> 0 | H105: =IFERROR(F105/D105,0) -> 0 | I105: =IFERROR(VLOOKUP(A105,'MEMO CALCULO 01'!$B$2:$E$248,4,0),0) -> 15.38 | J105: =I105*E105 -> 3013.7302 | K105: =IFERROR(I105/D105,0) -> 0.9400978 | L105: =F105+I105 -> 15.38 | M105: =G105+J105 -> 3013.7302 | N105: =H105+K105 -> 0.9400978
A106: 11. | B106: PINTURA | J106: =SUM(J108:J117) -> 0 | M106: =SUM(M108:M117) -> 0
A107: 11.1 | B107: SOBRE PAREDES
A108: 11.1.1 | B108: Emassamento de paredes e forros, com duas demãos de massa corrida, referência Suvinil, Coral, Metalatex ou equivalente, inclusive uma demão de liquido selador PVA, referência Suvinil, Coral ou Metalatex ou equivalente | C108: m2 | D108: 152.51 | E108: 19.01004 | F108: 0 | G108: =F108*E108 -> 0 | H108: =IFERROR(F108/D108,0) -> 0 | I108: =IFERROR(VLOOKUP(A108,'MEMO CALCULO 01'!$B$2:$E$248,4,0),0) -> 0 | J108: =I108*E108 -> 0 | K108: =IFERROR(I108/D108,0) -> 0 | L108: =F108+I108 -> 0 | M108: =G108+J108 -> 0 | N108: =H108+K108 -> 0
A109: 11.1.2 | B109: Pintura em paredes e forros, aplicação manual, com três demão de tinta látex acrílico premium, referência Coral e Metalatex, inclusive uma demão de liquido selador acrílico, referência Suvinil, Coral ou Metalatex ou equivalente | C109: m2 | D109: 238.85 | E109: 29.076012 | F109: 0 | G109: =F109*E109 -> 0 | H109: =IFERROR(F109/D109,0) -> 0 | I109: =IFERROR(VLOOKUP(A109,'MEMO CALCULO 01'!$B$2:$E$248,4,0),0) -> 0 | J109: =I109*E109 -> 0 | K109: =IFERROR(I109/D109,0) -> 0 | L109: =F109+I109 -> 0 | M109: =G109+J109 -> 0 | N109: =H109+K109 -> 0
A110: 11.1.3 | B110: Pintura sobre paredes e forros, aplicação manual, com duas demãos de tinta látex acrílico premium, acabamento fosco, referência Suvinil, Coral e Metalatex, inclusive uma demão de liquido selador acrílico, referência Suvinil, Coral ou Metalatex | C110: m2 | D110: 1138.4 | E110: 23.362612 | F110: 0 | G110: =F110*E110 -> 0 | H110: =IFERROR(F110/D110,0) -> 0 | I110: =IFERROR(VLOOKUP(A110,'MEMO CALCULO 01'!$B$2:$E$248,4,0),0) -> 0 | J110: =I110*E110 -> 0 | K110: =IFERROR(I110/D110,0) -> 0 | L110: =F110+I110 -> 0 | M110: =G110+J110 -> 0 | N110: =H110+K110 -> 0
A111: 11.2 | B111: SOBRE MADEIRA
A112: 11.2.1 | B112: Emassamento de esquadrias e elementos de madeira, com duas demãos de massa à base água, referência Suvinil, Coral, Sherwin Williams ou equivalente, inclusive uma demão de fundo nivelador alquídico branco, referência Suvinil, Coral ou Metalatex ou equivalente | C112: m2 | D112: 114.62 | E112: 50.859648 | F112: 0 | G112: =F112*E112 -> 0 | H112: =IFERROR(F112/D112,0) -> 0 | I112: =IFERROR(VLOOKUP(A112,'MEMO CALCULO 01'!$B$2:$E$248,4,0),0) -> 0 | J112: =I112*E112 -> 0 | K112: =IFERROR(I112/D112,0) -> 0 | L112: =F112+I112 -> 0 | M112: =G112+J112 -> 0 | N112: =H112+K112 -> 0
A113: 11.2.2 | B113: Pintura de esquadrias e elementos de madeira, aplicação manual, com duas demãos de tinta esmalte sintético referência Suvinil, Coral ou Metalatex, inclusive fundo branco nivelador, referência Suvinil, Coral e Metalatex ou equivalente | C113: m2 | D113: 114.62 | E113: 45.696812 | F113: 0 | G113: =F113*E113 -> 0 | H113: =IFERROR(F113/D113,0) -> 0 | I113: =IFERROR(VLOOKUP(A113,'MEMO CALCULO 01'!$B$2:$E$248,4,0),0) -> 0 | J113: =I113*E113 -> 0 | K113: =IFERROR(I113/D113,0) -> 0 | L113: =F113+I113 -> 0 | M113: =G113+J113 -> 0 | N113: =H113+K113 -> 0
A114: 11.3 | B114: SOBRE METAL
A115: 11.3.1 | B115: Pintura sobre metal, aplicação manual, com duas demãos de tinta esmalte sintético, referência Suvinil, Coral ou Metalatex, inclusive uma demão de fundo anticorrosivo | C115: m2 | D115: 340.35 | E115: 49.062524 | F115: 0 | G115: =F115*E115 -> 0 | H115: =IFERROR(F115/D115,0) -> 0 | I115: =IFERROR(VLOOKUP(A115,'MEMO CALCULO 01'!$B$2:$E$248,4,0),0) -> 0 | J115: =I115*E115 -> 0 | K115: =IFERROR(I115/D115,0) -> 0 | L115: =F115+I115 -> 0 | M115: =G115+J115 -> 0 | N115: =H115+K115 -> 0
A116: 11.4 | B116: SOBRE PISOS
A117: 11.4.1 | B117: Pintura sobre piso, aplicação manual, com duas demãos de tinta à base de resinas acrílicas, marcas de referência Suvinil, Coral, Sherwin Williams NovaCor, Metalatex ou equivalente | C117: m2 | D117: 623.79 | E117: 21.0357 | F117: 0 | G117: =F117*E117 -> 0 | H117: =IFERROR(F117/D117,0) -> 0 | I117: =IFERROR(VLOOKUP(A117,'MEMO CALCULO 01'!$B$2:$E$248,4,0),0) -> 0 | J117: =I117*E117 -> 0 | K117: =IFERROR(I117/D117,0) -> 0 | L117: =F117+I117 -> 0 | M117: =G117+J117 -> 0 | N117: =H117+K117 -> 0
A118: 12. | B118: TETOS E FORROS | J118: =SUM(J119) -> 0 | M118: =SUM(M119) -> 0
A119: 11.1 | B119: Forro de gesso acabamento tipo liso | C119: m2 | D119: 16.23 | E119: 58.367473 | F119: 0 | G119: =F119*E119 -> 0 | H119: =IFERROR(F119/D119,0) -> 0 | I119: =IFERROR(VLOOKUP(A119,'MEMO CALCULO 01'!$B$2:$E$248,4,0),0) -> 0 | J119: =I119*E119 -> 0 | K119: =IFERROR(I119/D119,0) -> 0 | L119: =F119+I119 -> 0 | M119: =G119+J119 -> 0 | N119: =H119+K119 -> 0
A120: 13. | B120: INSTALAÇÕES ELÉTRICAS | J120: =SUM(J121:J173) -> 0 | M120: =SUM(M121:M173) -> 0
A121: 13.1 | B121: PADRÃO DE ENERGIA
A122: 13.1.1 | B122: Padrão de entrada de energia elétrica, trifásico, entrada aérea, a 4 fios, carga instalada em muro de 57001 até 75000W - 220/127V | C122: und | D122: 1 | E122: 8560.9897 | F122: 0 | G122: =F122*E122 -> 0 | H122: =IFERROR(F122/D122,0) -> 0 | I122: =IFERROR(VLOOKUP(A122,'MEMO CALCULO 01'!$B$2:$E$248,4,0),0) -> 0 | J122: =I122*E122 -> 0 | K122: =IFERROR(I122/D122,0) -> 0 | L122: =F122+I122 -> 0 | M122: =G122+J122 -> 0 | N122: =H122+K122 -> 0
A123: 13.1.2 | B123: Caixa de aterramento de concreto simples, nas dimensões de 30x30x25cm, com revest. int. em chapisco e reboco, tampa de concreto esp.5cm e lastro de brita esp. 5 cm, incl. haste 5/8"x2400mm | C123: und | D123: 4 | E123: 344.19599 | F123: 0 | G123: =F123*E123 -> 0 | H123: =IFERROR(F123/D123,0) -> 0 | I123: =IFERROR(VLOOKUP(A123,'MEMO CALCULO 01'!$B$2:$E$248,4,0),0) -> 0 | J123: =I123*E123 -> 0 | K123: =IFERROR(I123/D123,0) -> 0 | L123: =F123+I123 -> 0 | M123: =G123+J123 -> 0 | N123: =H123+K123 -> 0
A124: 13.2 | B124: QUADRO DE DISTRIBUIÇÃO
...

Sheet MEMO CALCULO 01
B2: PREFEITURA MUNICIPAL DE SÃO ROQUE DO CANAÃ
B8: MEMÓRIA DE CÁLCULO 1ª MEDIÇÃO
B9: OBRA: REFORMA E AMPLIAÇÃO DA ‘’EMEI SÃO ROQUE’’, NESTE MUNICÍPIO. | D9: DATA: 24/02/2025
B10: LOCAL: RUA LOURENÇO ROLDI, N° 436, BAIRRO SÃO ROQUINHO, SÃO ROQUE DO CANAÃ
B11: ITEM | C11: DESCRIÇÃO | D11: UND | E11: QUANT.
B12: 1 | C12: =VLOOKUP(B12,'MEDIÇÃO 1'!$A$20:$C$286,2,0) -> INSTALAÇÃO DO CANTEIRO DE OBRAS
B13: 1.1 | C13: =VLOOKUP($B13,'MEDIÇÃO 1'!$A$20:$C$285,2,0) -> Placa de obra nas dimensões de 2.0 x 4.0 m, padrão DER | D13: =VLOOKUP($B13,'MEDIÇÃO 1'!$A$20:$C$285,3,0) -> m2 | E13: =SUM(D14) -> 8
B14: 2,00 x 4,00 m = 8,00 m² (PLACA NOVA) | D14: 8
B15: 1.3 | C15: =VLOOKUP($B15,'MEDIÇÃO 1'!$A$20:$C$285,2,0) -> Locação de andaime metálico para trabalho em fachada de edifíco (aluguel de 1 m² por 1 mês) inclusive frete, montagem e desmontagem | D15: =VLOOKUP($B15,'MEDIÇÃO 1'!$A$20:$C$285,3,0) -> m2 | E15: =SUM(D16) -> 12.25
B16: Fundos da escola: 16,35 m (comprimento) x 6,00 m (pé direito) = 98,10 m² /8 meses = 12,25 m² | D16: 12.25
B18: 2 | C18: =VLOOKUP(B18,'MEDIÇÃO 1'!$A$20:$C$286,2,0) -> SERVIÇOS PRELIMINARES
B19: 2.5 | C19: =VLOOKUP($B19,'MEDIÇÃO 1'!$A$20:$C$285,2,0) -> Retirada de revestimento antigo em reboco | D19: =VLOOKUP($B19,'MEDIÇÃO 1'!$A$20:$C$285,3,0) -> m2 | E19: 0
B20: ÁREA EXTERNA
B21: Fachada: Área: 9,85 (Extensão)*1,10m (altura) | D21: 10.84
B22: Área da fachada lateral (rua) conforme croqui: 14,12 m² | D22: 14.12
B23: 2.17 | C23: =VLOOKUP($B23,'MEDIÇÃO 1'!$A$20:$C$285,2,0) -> Apicoamento de superfície com revestimento em argamassa | D23: =VLOOKUP($B23,'MEDIÇÃO 1'!$A$20:$C$285,3,0) -> m2 | E23: =D24 -> 0
B24: NÃO REALIZADO | D24: 0
B25: 2.26 | C25: =VLOOKUP($B25,'MEDIÇÃO 1'!$A$20:$C$285,2,0) -> Lixamento manual em superfícies metálicas em obra | D25: =VLOOKUP($B25,'MEDIÇÃO 1'!$A$20:$C$285,3,0) -> m2 | E25: 0
B26: Portões
B27: Portões área externa (escada): (1,42 m x 1,80 m) x 2 lados x 2 portões = 10,22 m² | D27: 10.22
B28: Área de serviço: 2,10 m x 0,85 m x 2 lados = 3,36 m² | D28: 3.36
B29: Grades janelas
B30: Sala dos professores: 2,63 m x 1,50 m x 2 lados = 7,88 m² | D30: 7.88
B31: Secretaria: (janela) 3,00 m x 1,60 m x 2 lados + (guichê) 1,50 m x 0,50 m x 2 lados = 11,10 m² | D31: 11.1
B32: Coordenação (sala de atividades 04): 1,40 m x 1,60 m x 2 lados = 4,48 m² | D32: 4.48
B33: Direção (sala de atividades 04): 1,20 m x 1,00 m x 2 lados = 2,40 m² | D33: 2.4
B34: Sala 01: 5,70 m x 1,50 m x 2 lados = 17,10 m² | D34: 17.1
B35: Sala 02: 5,70 m x 1,50 m x 2 lados = 17,10 m² | D35: 17.1
B36: Sala 03: 5,70 m x 1,50 m x 2 lados = 17,10 m² | D36: 17.1
B37: Sala 05: (2,45 m x 1,60 m) + (2,55 m x 1,60 m) x 2 lados = 16,00 m² | D37: 16
B38: Sala 06: 2,98 m x 1,50 m x 2 lados = 8,94 m² | D38: 8.94
B39: NÃO REALIZADO
B41: 4 | C41: =VLOOKUP(B41,'MEDIÇÃO 1'!$A$20:$C$286,2,0) -> SUPERESTRUTURA
B42: 4.1 | C42: =VLOOKUP($B42,'MEDIÇÃO 1'!$A$20:$C$285,2,0) -> Fôrma em chapa de madeira compensada plastificada 12mm para estrutura em geral, 5 reaproveitamentos, reforçada com sarrafos de madeira 2.5x10cm (incl material, corte, montagem, escoras em eucalipto e desforma) | D42: =VLOOKUP($B42,'MEDIÇÃO 1'!$A$20:$C$285,3,0) -> m2 | E42: 0
B43: ADITIVO (ACRÉSCIMO)
B44: Forma para a viga sobre o muro: ((7,13 m + 11,80 m + 15,00 m + 5,50 m + 7,92 m) (perímetro) x 0,10 m (altura)) x 2 lados = 9,47 m² | D44: 9.47
B45: Prolongamento da altura útil: Conforme Anexo II: 4,32 m² | D45: 4.32
B46: 4.2 | C46: =VLOOKUP($B46,'MEDIÇÃO 1'!$A$20:$C$285,2,0) -> Fornecimento, dobragem e colocação em fôrma, de armadura CA-50 A média, diâmetro de 6.3 a 10.0 mm | D46: =VLOOKUP($B46,'MEDIÇÃO 1'!$A$20:$C$285,3,0) -> kg | E46: 0
B47: ADITIVO (ACRÉSCIMO)
B48: Viga sobre o muro
B49: (7,13 m + 11,80 m + 15,00 m + 5,50 m + 7,92 m) (comprimento das barras) x 4 barras de Ø 6.3 mm x 0,245 Kg/m = 46,40 Kg | D49: 46.4
B50: 4.3 | C50: =VLOOKUP($B50,'MEDIÇÃO 1'!$A$20:$C$285,2,0) -> Fornecimento, dobragem e colocação em fôrma, de armadura CA-60 B fina, diâmetro de 4.0 a 7.0mm | D50: =VLOOKUP($B50,'MEDIÇÃO 1'!$A$20:$C$285,3,0) -> kg | E50: 0
B51: ADITIVO (ACRÉSCIMO)
B52: Viga sobre o muro
B53: (7,13 m + 11,80 m + 15,00 m + 5,50 m + 7,92 m)/0,20 m = 237,00 estribos x 0,44 m (comprimento do estribo) = 104,17 m de Ø 5.0 mm x 0,154 Kg/m = 16,04 Kg | D53: 16.04
B54: 4.4 | C54: =VLOOKUP($B54,'MEDIÇÃO 1'!$A$20:$C$285,2,0) -> Fornecimento, preparo e aplicação de concreto Fck=25 MPa (brita 1 e 2) - (5% de perdas já incluído no custo) | D54: =VLOOKUP($B54,'MEDIÇÃO 1'!$A$20:$C$285,3,0) -> m3 | E54: 0
B55: ADITIVO (ACRÉSCIMO)
B56: Viga sobre o muro
B57: Forma para a viga sobre o muro: (7,13 m + 11,80 m + 15,00 m + 5,50 m + 7,92 m) (perímetro) x 0,10 m (altura) x 0,15 m (largura) = 0,71 m³ | D57: 0.71
B59: 5. | C59: =VLOOKUP(B59,'MEDIÇÃO 1'!$A$20:$C$286,2,0) -> PAREDES E PAINÉIS
B60: 5.1 | C60: =VLOOKUP($B60,'MEDIÇÃO 1'!$A$20:$C$285,2,0) -> Alvenaria de blocos cerâmicos 10 furos 10x20x20cm, assentados c/argamassa de cimento, cal hidratada CH1 e areia traço 1:0,5:8, esp. das juntas 12mm e esp. das paredes s/revestimento, 10cm (bloco comprado na fábrica, posto obra) | D60: =VLOOKUP($B60,'MEDIÇÃO 1'!$A$20:$C$285,3,0) -> m2 | E60: 0
B61: ADITIVO (ACRÉSCIMO)
B62: Parede sobre o muro onde será assentado o cobogó: 5,45 m (comprimento) x 0,90 m (altura) = 4,90 m ² | D62: 4.9
B63: 5.4 | C63: =VLOOKUP($B63,'MEDIÇÃO 1'!$A$20:$C$285,2,0) -> Chapisco de argamassa de cimento e areia média ou grossa lavada, no traço 1:3, espessura 5 mm | D63: =VLOOKUP($B63,'MEDIÇÃO 1'!$A$20:$C$285,3,0) -> m2 | E63: 0
B64: Muro: (13,58 m x 1,90 m) + ((1,90 m + 2,10 m) x 5,50 m)/2 + (22,38 m + 17,70 m + 10,55 m) x 2,10 m + ((2,10 m + 2,20 m) x 10,70 m)/2 (lado externo) + (13,58 m + 5,50 m + 22,38 m + 17,70 m + 10,55 m) x 0,15 m (face superior) - (0,90 m x 2,20 m x 2 lados) (portão) = 172,61 m² – 170,43 m² (já executado) = 2,18 m² | D64: 2.18
B65: Área externa (muro da fachada) (5,40 m + 1,97 m + 1,53 m + 14,63 m) x (0,75 m) (externo) + (5,40 m + 1,97 m + 1,53 m + 14,63 m) x 0,42 m (área interna) + (5,40 m + 1,97 m + 1,53 m + 14,63 m) x 0,25 m (face superior) + ((4,20 m x 0,33 m)/2) x 2 lados (faces laterais rampa) + (0,30 m x 0,33 m x 2 lados) (face interna do portão) - (1,10 m x 0,75 m) (portão externo) - (1,10 m x 0,42 m) (portão interno) = 33,71 m² – 33,69 m² (já executado) = 0,02 m² | D65: 0.02
B66: ADITIVO (ACRÉSCIMO)
B67: Subsolo
B68: A. Serviço | D68: 16.23
B69: Viga sobre o muro
B70: Área da viga a ser construída sobre o muro: (7,13 m + 11,80 m + 15,00 m + 5,50 m + 7,92 m) (comprimento) x 0,10 m (altura) x 2 lados = 9,47 m² | D70: 9.47
B71: Parede sobre o muro onde será assentado o cobogó: 5,45 m (comprimento) x 0,90 m (altura) x 2 lados = 9,80 m ² | D71: 9.8
B72: 5.6 | C72: =VLOOKUP($B72,'MEDIÇÃO 1'!$A$20:$C$285,2,0) -> Reboco tipo paulista de argamassa de cimento, cal hidratada CH1 e areia lavada traço 1:0.5:6, espessura 25 mm | D72: =VLOOKUP($B72,'MEDIÇÃO 1'!$A$20:$C$285,3,0) -> m2 | E72: =SUM(D73:D82) -> 51.73
B73: Mureta caixa de areia: 7,47 m² (área da mureta conforme item 20.3) x 2 lados + (8,15 m + 5,30 m - 1,00 m) x 0,10 m (face superior) = 16,18 m² | D73: 16.18
B74: ADITIVO (ACRÉSCIMO)
B75: Área externa
B76: Viga sobre o muro
B77: Área da viga a ser construída sobre o muro: (7,13 m + 11,80 m + 15,00 m + 5,50 m + 7,92 m) (comprimento) x 0,10 m (altura) x 2 lados = 9,47 m² | D77: 0
B78: Parede sobre o muro onde será assentado o cobogó: 5,45 m (comprimento) x 0,90 m (altura) x 2 lados = 9,80 m ² | D78: 0
B79: Área da fachada lateral (rua) conforme croqui apresentado no item de chapisco: 14,12 m² (saldo adotado para muro paralelo a rua lateral): =(6*((1,85+1,35)/2))+(2,9*((0,55+0,29)/2)).: 10,82 m² | D79: 10.82
B80: Área Coberta (Pátio Externo) – Viga aparente: 0,80m+0,20m+0,50m x (perímetro) 8,75m.: 13,13 m² | D80: 13.13
B81: [02 Pilares da Frente * ((2 lados * 0,20) + (2 lados *0,40))* 2,70 (altura)].: 6,48m² | D81: 6.48
B82: [02 Pilares da Trás * ((4 lados * 0,20)) * 3,20 (altura)].: 5,12m² | D82: 5.12
B84: 6. | C84: =VLOOKUP(B84,'MEDIÇÃO 1'!$A$20:$C$286,2,0) -> REVESTIMENTOS DE PAREDES
B85: 6.1 | C85: =VLOOKUP($B85,'MEDIÇÃO 1'!$A$20:$C$285,2,0) -> Roda parede em granito cinza andorinha 7x2cm, com acabamento abaulado nos dois lados | D85: =VLOOKUP($B85,'MEDIÇÃO 1'!$A$20:$C$285,3,0) -> m | E85: =SUM(D86:D104) -> 285.42
B86: Área externa: (2,34 m + 6,00 m) (perímetro externo) - (0,80 m + 0,80 m) (portas e janela) + 9,85 = 16,59 m | D86: 16.59
B87: Sala Professores: (6,10 m + 3,00 m + 2,05 m + 2,58 m + 4,05 m + 5,58 m) (perímetro da sala) - (0,80 m + 0,80 m) (portas) = 21,76 m. Medida real executada: 24,07 m | D87: =F87 -> 24.07 | F87: =(6.1+ 3 + 2.05 + 2.58 + 4.05+ 5.58)-(0.8*2)+(1.08*2)+0.15 -> 24.07
B88: Secretaria: (4,00 m + 4,00 + 3,30 m + 3,30 m) (perímetro da sala) - (1,00 m + 0,70 m) (portas) = 12,90 m | D88: 12.9
B89: Pátio coberto: (4,55 m + 6,00 m + 2,80 m) (perímetro) - (0,70 m + 0,80 m + 1,00 m) (portas) = 10,85 m | D89: 10.85
B90: Coordenação (sala de atividades 04): (2,31 m + 2,31 m + 2,85 m + 2,85 m) (perímetro) - (0,80 m + 0,80 m) (portas) = 8,72 m | D90: 8.72
B91: Depósito (superior): (1,40 m + 1,40 m + 2,85 m + 2,85 m) (perímetro) - (0,80 m) (portas) = 7,70 m | D91: 7.7
B92: Direção (Sala de atividades 04): (3,86 m + 3,86 m + 2,85 m + 2,85 m) (perímetro) - (0,80 m) (portas) = 12,62 m | D92: 12.62
B93: Sala 01: (6,00 m + 6,00 m + 5,00 m + 5,00 m) (perímetro) - (1,00 m) (portas) - (2,00 m) (quadro) = 19,00 m. Medida real executada: 21,00 m | D93: =F93 -> 21 | F93: =(6 + 6 + 5 + 5)- (1) -> 21
B94: Sala 02: (6,00 m + 6,00 m + 5,00 m + 5,00 m) (perímetro) - (1,00 m) (portas) - (2,00 m) (quadro) = 19,00 m. Medida real executada: 21,00 m | D94: =F94 -> 21 | F94: =(6 + 6 + 5 + 5)- (1) -> 21
B95: Sala 03: (6,00 m + 6,00 m + 5,00 m + 5,00 m) (perímetro) - (1,00 m) (portas) - (2,45 m) (quadro) = 18,55 m. Medida real executada: 21,00 m | D95: =F95 -> 21 | F95: =(6 + 6 + 5 + 5) - 1 -> 21
B96: Sala 05: (6,00 m + 6,50 m + 3,30 m + 2,50 m + 2,70 m + 9,00 m) (perímetro) - (1,00 m) (portas) - (3,00 m) (quadro) = 26,94 m. Medida real executada: 29,00 m | D96: =F96 -> 29 | F96: =(6 + 6.5 + 3.3 + 2.5 + 2.7 + 9) - (1 ) -> 29
B97: Circulação: (8,15 m + 6,30 m) (perímetro) - (1,00 m x 3 + 0,80 m) (portas) = 10,65 m. Medida real executada: 11,45 m | D97: =F97 -> 11.45 | F97: =(8.15+ 6.3) - (1*3) -> 11.45
B98: Hall (superior): (2,00 m + 2,80 m + 1,85 m + 0,15 m) - (0,80 m x 2 portas) = 5,20 m. Medida real executada: 6,25 m | D98: =F98 -> 6.25 | F98: =5.2+1.05 -> 6.25
B99: Rampa: (7,45 m x 2 lados + 1,85 m x 2 lados + 3,85 m + 9,30 m x 2 lados + 0,15 m) (perímetro) = 41,20 m | D99: 41.2
B100: Sala 06: (4,75 m + 4,75 m + 5,00 m + 5,00 m) (perímetro) - (0,80 m) (portas) - (2,00 m) (quadro) = 18,70 m | D100: 18.7
B101: Pátio coberto (inferior): (1,25 m + 5,00 m + 7,15 m + 0,20 m + 0,20 m) (perímetro) - (0,80 m + 0,90 + 1,00 m + 1,85 m) (portas) = 9,25 m. Medida real executada: 12,18 m | D101: =F101 -> 12.18 | F101: =5.3+0.25+1.03+4.1+0.1+1.25+0.15 -> 12.18
B102: Sala 07: (6,15 m + 6,15 m + 4,27 m + 4,27 m) (perímetro) - (0,80 m) (porta) - (3,00 m) (quadro) = 20,04 m | D102: 20.04
B103: ADITIVO (DECRÉSCIMO )
B104: Fachada (substituição do roda-parede por pastilha 5x5 cm em toda a fachada): 9,85 m | D104: -9.85
B105: 6.2 | C105: =VLOOKUP($B105,'MEDIÇÃO 1'!$A$20:$C$285,2,0) -> Cerâmica 10 x 10 cm, marcas de referência Eliane, Cecrisa ou Portobello, nas cores branco ou areia, com rejunte esp. 0.5 cm, empregando argamassa colante | D105: =VLOOKUP($B105,'MEDIÇÃO 1'!$A$20:$C$285,3,0) -> m2 | E105: =SUM(D106:D111) -> 60.6
B106: Área externa: (2,34 m + 4,16 m + 6,00 m + 5,63 m + 9,85 m + [6,02 m+ 5,61 m+ 6,42 m] (área lateral (térreo+escada+subsolo))) (perímetro externo) x (1,05 m - 0,07 m) - (0,80 m + 0,80 m) (portas) x (1,05 m - 0,07 m).: 46,03 x (1,05 m - 0,07 m) - 1,60 x (1,05 m - 0,07 m): 45,11 m² – 1,57 m².: 43,54 m². | D106: 43.54
B107: Pátio coberto: (4,55 m + 6,00 m + 2,80 m) (perímetro) x (1,05 m - 0,07 m) - (0,70 m + 0,80 m + 1,00 m) (portas) x (1,05 m - 0,07 m) = 10,63 m² | D107: 10.63
B108: Coordenação (sala de atividades 04): (2,31 m + 2,31 m + 2,85 m + 2,85 m) (perímetro) x (1,05 m - 0,07 m) - (0,80 m + 0,80 m) (portas) x (1,05 m - 0,07 m) = 8,54 m² | D108: 8.54
B109: Depósito (superior): (1,40 m + 1,40 m + 2,85 m + 2,85 m) (perímetro) x (1,05 m - 0,07 m) - (0,80 m) (portas) x (1,05 m - 0,07 m) = 7,54 m² | D109: 7.54
B110: ADITIVO (DECRÉSCIMO )
...
